 Dungeon Crawl Stone Soup version 0.27-a0-242-ge0fc76b88b (webtiles) character file.

Game seed: 13817805647085769773

32547 Borgoz the Nimble (level 13, 0/114 HPs)
             Began as a Ghoul Gladiator on Feb 2, 2021.
             Was the Champion of Dithmenos.
             Slain by an ice dragon (8 damage)
             ... on level 2 of the Orcish Mines.
             The game lasted 00:28:39 (15756 turns).

Borgoz the Nimble (Ghoul Gladiator)                Turns: 15756, Time: 00:28:40

Health: 0/114      AC: 17    Str: 30    XL:     13   Next: 65%
Magic:  4/4        EV: 18    Int:  3    God:    Dithmenos [******]
Gold:   1201       SH:  0    Dex: 14    Spells: 12/12 levels left

rFire    + . .     SeeInvis .   a - +8 long sword of Dull Watchfulness {antimagic, +Blink rF+ rC-}
rCold    + . .     Faith    .   (no shield)
rNeg     + + +     Spirit   .   C - +2 scale mail {rC+}
rPois    ∞         Reflect  .   v - +1 helmet
rElec    .         Harm     .   A - +0 cloak
rCorr    .         Rampage  .   j - +0 pair of gloves
Will     .....                  F - +1 pair of boots {run}
Stlth    ..........             (no amulet)
HPRegen  0.00/turn              g - +6 ring of strength
MPRegen  0.09/turn              w - ring of Aneicuh {rPois rN+ Str+5}

@: wreathed by umbra, quick
A: claws 1, cold resistance 1, negative energy resistance 3, inhibited
regeneration, torment resistance, unbreathing
a: Renounce Religion, Evoke Blink, Shadow Step, Shadow Form


You were on level 2 of the Orcish Mines.
You worshipped Dithmenos.
Dithmenos was exalted by your worship.
You visited 3 branches of the dungeon, and saw 16 of its levels.

You collected 1201 gold pieces.

Inventory:

Hand Weapons
 a - the +8 long sword of Dull Watchfulness (weapon) {antimagic, +Blink rF+ rC-}
   (You found it on level 4 of the Dungeon)

   It reduces the magical energy of the wielder, and disrupts the spells and
   magical abilities of those hit.
   Natural abilities and divine invocations are not affected.
   It protects you from fire.
   It makes you vulnerable to cold.
   It lets you blink.
 b - a +5 great sword of freezing
 h - the cursed +0 war axe of Midwinter {holy, +Fly rC++, unknown}
   (You found it on level 6 of the Dungeon)

   It has been blessed by the Shining One to cause great damage to the undead
   and demons.
   It greatly protects you from cold.
   It lets you fly.
   It has a curse placed upon it.
Missiles
 d - a throwing net (quivered)
Armour
 j - a +0 pair of gloves (worn)
 v - a +1 helmet (worn)
 A - a +0 cloak (worn)
 C - a +2 scale mail of cold resistance (worn)
 F - a +1 pair of boots of running (worn)
Jewellery
 g - a +6 ring of strength (left hand)
 w - the ring of Aneicuh (right hand) {rPois rN+ Str+5}
   (You took it off an orc on level 10 of the Dungeon)

   [ring of poison resistance]

   It affects your strength (+5).
   It protects you from poison.
   It protects you from negative energy.
Wands
 r - a wand of acid (10)
 t - a wand of iceblast (18)
 G - a wand of flame (44)
 K - a wand of paralysis (12)
 N - a wand of mindburst (28)
Scrolls
 f - 3 scrolls of immolation {unknown}
 i - 4 scrolls of fog {unknown}
 k - a scroll of magic mapping
 l - 3 scrolls of noise {unknown}
 o - 3 scrolls of remove curse
 p - a scroll of blinking {unknown}
 s - 3 scrolls of teleportation
 x - a scroll of fear
 y - 4 scrolls of enchant armour {unknown}
 E - a scroll of holy word {unknown}
 M - a scroll of random uselessness {unknown}
Potions
 c - a potion of magic
 e - 3 potions of haste
 m - 4 potions of flight
 z - 2 potions of invisibility
 B - a potion of might
 D - 2 potions of resistance


   Skills:
 + Level 10.5 Fighting
 * Level 12.3 Long Blades
 - Level 1.7 Throwing
 + Level 8.6 Armour
 * Level 12.4 Dodging


You had 12 spell levels left.
You didn't know any spells.
Your spell library contained the following spells:

 Spells                   Type           Power        Failure   Level
 Shock                    Conj/Air       0%           75%         1
 Swiftness                Air            0%           86%         2
 Static Discharge         Conj/Air       0%           98%         3
 Airstrike                Air            0%           100%        4
 Lightning Bolt           Conj/Air       0%           100%        5


Dungeon Overview and Level Annotations

Branches:
Dungeon (13/15)            Temple (1/1) D:6            Lair (0/6) D:11
    Orc (2/2) D:11            Elf (0/3) Orc:2        Vaults (0/5) D:13

Altars:
Ashenzari
Cheibriados
Dithmenos
Elyvilon
Fedhas
Gozag
Hepliaklqana
Kikubaaqudgha
Makhleb
Nemelex Xobeh
Okawaru
Qazlal
Ru
Sif Muna
Trog
Uskayaw
Vehumet
Wu Jian
Xom
Yredelemnul
Zin
The Shining One

Portals:
Ice
Cave: Orc:2

Annotations:
D:9 3 runed translucent doors, Dracia's ghost, novice TrMo


Innate Abilities, Weirdness & Mutations

You thrive by killing the living.
You are immune to poison.
You have sharp fingernails.
Your flesh is cold resistant. (rC+)
You are immune to negative energy. (rN+++)
You do not regenerate when monsters are visible.
You are immune to unholy pain and torment.
You can survive without breathing.


Message History

The blast of cold hits the polar bear!
The polar bear resists.
The blast of cold hits you!! You resist.
* * * LOW HITPOINT WARNING * * *
The polar bear growls angrily.
You slash the polar bear!
The polar bear is almost dead.
The polar bear goes berserk!
You slash the polar bear!
The polar bear is almost dead.
The polar bear barely misses you.
The polar bear claws you but does no damage.
The polar bear closely misses you.
You slash the polar bear!
You kill the polar bear!
Dithmenos accepts your kill. The ice dragon breathes frost at you.
The blast of cold hits you! You resist.
* * * LOW HITPOINT WARNING * * *
The ice dragon bites you!
You die...

.............#************ ****
.#.)..#......################****
.))..........................,,,,
..#)<....###.................,,,,
...#....## #####...##........,,,,
..####.###**** ######........,,,,
.## ###*#..,*##* ##........,,,,
.# *.....#.####.........,,,, ##
*..∩...D@†#.#........,,,, #
*......###.##........,,,,
*#...#,* ####........,,,,
###********#........,,,,
**********,,,.........,,,,
**,,,,,,,,,,,,.........,,,,
**,*,,,,,,,,,,,,.......,,,,,
*,,,,,,,,,,,,,,,,,,,,,,,,,,,
**,,,,,,,,**,,,,,,,,,,,,,,,,


You could see an ice dragon (catching breath).

Vanquished Creatures
  An orc warlord (Orc:1)
  Harold (D:11)
  Josephine (D:12)
  2 boulder beetles
  4 two-headed ogres
  A tengu warrior (D:13)
  Urug (D:12)
  5 skeletal warriors (D:12)
  2 slime creatures (D:12)
  An orc knight (D:11)
  2 deep elf pyromancers (D:13)
  An orc sorcerer (Orc:1)
  2 manticores
  2 ugly things (D:11)
  3 cyclopes
  Maurice (D:12)
  3 komodo dragons
  2 yaktaurs (D:13)
  3 polar bears (Orc:2)
  5 trolls
  A hornet (D:9)
  Grinder (D:6)
  10 yaks
  A wyvern (D:11)
  7 wraiths
  A vampire (D:13)
  5 wargs
  An acid dragon (D:13)
  A soldier ant (D:12)
  3 water moccasins
  5 ice beasts
  4 sky beasts
  10 ogres
  13 orc warriors
  A necrophage (D:8)
  A hornet zombie (D:6)
  2 wolves (Orc:2)
  4 centaurs
  3 phantoms
  3 big kobolds (D:11)
  2 gnoll sergeants
  Blork the orc (D:4)
  12 bullfrogs
  2 wyvern skeletons
  7 scorpions
  25 wights
  14 killer bees
  A water moccasin skeleton (D:4)
  2 bullfrog zombies (D:6)
  2 quasits
  A centaur zombie (D:12)
  11 hounds
  2 jellies
  5 centaur skeletons
  Crazy Yiuf (D:4)
  4 bullfrog skeletons
  7 orc priests
  Jessica (D:3)
  Ijyb (D:4)
  4 iguanas
  12 orc wizards
  9 worker ants
  Natasha (thrice) (D:3)
  4 hound skeletons
  A worker ant zombie (D:8)
  Robin (D:3)
  11 gnolls
  5 adders
  2 shadow imps
  6 white imps
  2 ufetubi
  An ooze (D:6)
  3 adder skeletons (D:8)
  An adder zombie (D:6)
  2 worms
  A dart slug (D:1)
  2 leopard geckos
  48 orcs
  10 bats
  8 giant cockroaches
  13 goblins
  15 hobgoblins
  5 jackals
  24 kobolds
  5 quokkas
  8 frilled lizards
  A leopard gecko zombie (D:9)
  A quokka zombie (D:7)
  6 rats
  A butterfly (D:5)
436 creatures vanquished.

Vanquished Creatures (others)
  A plant (D:9)
1 creature vanquished.

Grand Total: 437 creatures vanquished

Notes
Turn   | Place    | Note
-------+----------+-------------------------------------------
     0 | D:1      | Borgoz the Ghoul Gladiator began the quest for the Orb.
     0 | D:1      | Reached XP level 1. HP: 17/17 MP: 0/0
   240 | D:1      | Reached XP level 2. HP: 25/25 MP: 1/1
   765 | D:2      | Found an ornate altar of the Wu Jian Council.
   934 | D:2      | Reached XP level 3. HP: 29/30 MP: 2/2
   986 | D:2      | Found a hide-covered altar of Uskayaw.
  1900 | D:3      | Noticed Jessica
  1909 | D:3      | Killed Jessica
  1910 | D:3      | Reached skill level 1 in Armour
  1910 | D:3      | Reached XP level 4. HP: 30/37 MP: 3/3
  2176 | D:3      | Found a bloodstained altar of Trog.
  2251 | D:3      | Noticed Natasha
  2259 | D:3      | Killed Natasha
  2266 | D:3      | Found a sparkling altar of Nemelex Xobeh.
  2296 | D:3      | Reached XP level 5. HP: 43/45 MP: 4/4
  2345 | D:3      | Noticed Robin
  2359 | D:3      | Killed Robin
  2399 | D:3      | Found a glowing silver altar of Zin.
  2675 | D:3      | Noticed Natasha
  2685 | D:3      | Killed Natasha
  2762 | D:3      | Noticed Natasha
  2769 | D:3      | Killed Natasha
  2892 | D:4      | Noticed Blork the orc
  2914 | D:4      | Killed Blork the orc
  2915 | D:4      | Reached XP level 6. HP: 35/51 MP: 5/5
  3063 | D:4      | Noticed Ijyb
  3089 | D:4      | Killed Ijyb
  3107 | D:4      | Got an encrusted long sword
  3108 | D:4      | Identified the +8 long sword of Dull Watchfulness
                  | {antimagic, +Blink rF+ rC-} (You found it on level 4 of the
                  | Dungeon)
  3651 | D:4      | Found a runed translucent door.
  3652 | D:4      | Noticed Crazy Yiuf
  3719 | D:4      | Killed Crazy Yiuf
  3720 | D:4      | Reached XP level 7. HP: 58/58 MP: 2/6
  3804 | D:5      | Entered Level 5 of the Dungeon
  3951 | D:5      | Reached skill level 5 in Dodging
  4056 | D:5      | Found a bloodstained altar of Trog.
  4256 | D:5      | Found a runed translucent door.
  4258 | D:5      | Found a runed translucent door.
  4282 | D:5      | Reached skill level 5 in Long Blades
  4292 | D:5      | Reached XP level 8. HP: 65/67 MP: 2/7
  4719 | D:6      | Got a pitted war axe
  4773 | D:6      | Noticed Grinder
  4779 | D:6      | Killed Grinder
  5014 | D:6      | Reached skill level 5 in Fighting
  5147 | D:6      | Found a staircase to the Ecumenical Temple.
  5157 | D:6      | Reached XP level 9. HP: 74/74 MP: 2/8
  5161 | Temple   | Entered the Ecumenical Temple
  5291 | Temple   | Became a worshipper of Dithmenos the Shadowed
  6699 | D:7      | Reached * piety under Dithmenos
  7417 | D:8      | Reached XP level 10. HP: 45/84 MP: 3/9
  7672 | D:8      | Reached skill level 5 in Armour
  7876 | D:8      | Identified a +1 pair of boots of running (You found it on
                  | level 8 of the Dungeon)
  8081 | D:8      | Reached ** piety under Dithmenos
  8673 | D:9      | Found an ancient bone altar of Kikubaaqudgha.
  8782 | D:9      | Found a runed translucent gate.
  8804 | D:9      | Found a runed translucent gate.
  8805 | D:9      | Found a runed translucent gate.
  8806 | D:9      | Noticed a ten-headed hydra
  8806 | D:9      | Noticed Dracia's ghost (novice TrMo)
  9149 | D:10     | Entered Level 10 of the Dungeon
  9289 | D:10     | Reached *** piety under Dithmenos
  9438 | D:10     | Reached XP level 11. HP: 92/92 MP: 3/10
  9669 | D:10     | Identified the ring of Aneicuh {rPois rN+ Str+5}
  9797 | D:11     | Noticed a two-headed ogre
  9806 | D:11     | Killed a two-headed ogre
  9949 | D:11     | Noticed a green ugly thing
  9968 | D:11     | Reached **** piety under Dithmenos
  9969 | D:11     | Killed a green ugly thing
 10142 | D:11     | Noticed a cyclops
 10150 | D:11     | Killed a cyclops
 10290 | D:11     | Noticed a purple ugly thing
 10305 | D:11     | Killed a purple ugly thing
 10517 | D:11     | Reached skill level 10 in Dodging
 10687 | D:11     | Reached skill level 10 in Long Blades
 10746 | D:11     | Found a staircase to the Lair.
 10783 | D:11     | Noticed a manticore
 10797 | D:11     | Killed a manticore
 10835 | D:11     | Found a staircase to the Orcish Mines.
 11030 | D:11     | Reached ***** piety under Dithmenos
 11491 | D:12     | Noticed Maurice
 11497 | D:12     | Killed Maurice
 11498 | D:12     | Reached XP level 12. HP: 103/103 MP: 3/11
 11510 | D:12     | Noticed a two-headed ogre
 11518 | D:12     | Killed a two-headed ogre
 12428 | D:12     | Noticed Josephine
 12444 | D:12     | Killed Josephine
 13077 | D:12     | Noticed Urug
 13093 | D:12     | Killed Urug
 13371 | D:12     | Noticed a boulder beetle
 13396 | D:12     | Killed a boulder beetle
 13637 | D:13     | Noticed a boulder beetle
 13654 | D:13     | Killed a boulder beetle
 13655 | D:13     | Reached XP level 13. HP: 80/113 MP: 4/12
 13818 | D:13     | Reached skill level 10 in Fighting
 14322 | D:13     | Noticed a yaktaur captain
 14325 | D:13     | Found a gate to the Vaults.
 14813 | Orc:1    | Entered Level 1 of the Orcish Mines
 14813 | Orc:1    | Noticed Harold
 15050 | D:11     | Killed Harold
 15501 | Orc:2    | Entered Level 2 of the Orcish Mines
 15501 | Orc:2    | Noticed an orc warlord
 15597 | Orc:1    | Reached ****** piety under Dithmenos
 15618 | Orc:1    | Killed an orc warlord
 15724 | Orc:2    | Found a frozen archway.
 15733 | Orc:2    | Noticed an ice dragon
 15756 | Orc:2    | Slain by an ice dragon

Illustrated notes

Levels and vault maps discovered:
D:1:      beargit_arrival_greenhouse, layout_loops_ring
D:2:      layout_basic, lemuel_round_altar, nicolae_overflow_crystal_walls
D:3:      layout_loops_ring, old_standard_altar,
          nemelex_xobeh_ov_fountains_minmay, trog_three_pillars_becter,
          uniq_natasha, uniq_robin, uniq_jessica
D:4:      layout_basic, uniq_crazy_yiuf_cottage, uniq_ijyb, uniq_blork_the_orc
D:5:      lemuel_insect_pit, layout_cave_pools, trog_hazing_becter
D:6:      minmay_razor_zed, layout_basic, minmay_temple_entry_overgrown,
          dk_rats_in_the_wall, uniq_grinder
D:7:      layout_basic, serial_glass, glass_columns_a, glass_columns_b,
          kennysheep_generic_room_12
D:8:      layout_basic, minmay_misc_feat_alley
D:9:      layout_roguey, lemuel_crystal_altar, gammafunk_ghost_hydra_chop
D:10:     layout_basic
D:11:     layout_loops_cross, lair_entry_dummy, david_orc_2, grunt_potential
D:12:     layout_roguey, kennysheep_generic_room_15, uniq_maurice,
          uniq_josephine, uniq_urug
D:13:     layout_roguey, david_vaults_2, kennysheep_generic_room_16
Temple:   minmay_crystal_spiral_temple
Orc:1:    layout_caves, uniq_harold
Orc:2:    st_orc_congregation, layout_caves,
          portal_ice_cave_entry_animals_and_master

Skill      XL: |  1  2  3  4  5  6  7  8  9 10 11 12 13 |
---------------+----------------------------------------+-----
Dodging        | 3 4 5 6 7 9 10 11 12 | 12.4
Long Blades    | 3 4 5 6 7 9 10 11 12 | 12.3
Armour         | 1 2 3 4 5 6 8 |  8.6
Fighting       | 3 4 5 6 7 8 9 10 | 10.5
Throwing       | |  1.7

Action                   |  1- 3 |  4- 6 |  7- 9 | 10-12 | 13-15 || total
-------------------------+-------+-------+-------+-------+-------++-------
Melee: Long sword        |    99 |   116 |   298 |   701 |   243 ||  1457
       Dagger            |       |    64 |       |       |       ||    64
Throw: Throwing net      |       |     2 |       |     1 |     8 ||    11
Evoke: Wand              |       |       |       |     3 |       ||     3
  Use: Scroll            |       |       |     9 |     7 |     4 ||    20
       Potion            |       |       |       |     3 |     9 ||    12
 Stab: Paralysed         |       |       |       |    13 |       ||    13
       Held in net/web   |       |       |       |       |     2 ||     2
Armor: Leather armour    |     7 |       |       |       |       ||     7
       Ring mail         |    26 |    67 |    18 |       |       ||   111
       Scale mail        |       |       |   114 |   274 |    62 ||   450
Dodge: Dodged            |    59 |   106 |   235 |   628 |   230 ||  1258
       Rpst.: Long sword |    19 |    29 |    57 |   177 |    42 ||   324

Table legend: (Time is in decaauts)
 A = Elapsed time spent in this place.
 B = Non-inter-level travel time spent in this place.
 C = Inter-level travel time spent in this place.
 D = Time resting spent in this place.
 E = Time spent auto-exploring this place.
 F = Levels seen in this place.
 G = Mean time per level.
                   A        B        C        D        E       F      G
               +--------+--------+--------+--------+--------+-----+--------+
         Total |  15431 |  14931 |    500 |   3035 |   8805 |  16 |  964.4 |
       Dungeon |  14786 |  14388 |    398 |   3035 |   8536 |  13 | 1137.4 |
        Temple |    215 |    130 |     85 |      0 |    127 |   1 |  215.0 |
  Orcish Mines |    429 |    412 |     17 |      0 |    141 |   2 |  214.5 |
               +--------+--------+--------+--------+--------+-----+--------+

Top non-repeatable levels by time:
    D:12: 2379 daAuts
    D:11: 2139 daAuts
     D:6: 1612 daAuts
     D:2: 1153 daAuts
     D:3: 1036 daAuts
     D:9: 915 daAuts
     D:4: 909 daAuts
     D:7: 890 daAuts
     D:8: 829 daAuts
     D:5: 826 daAuts
     D:1: 769 daAuts
    D:13: 768 daAuts
    D:10: 556 daAuts
   Orc:1: 285 daAuts
  Temple: 215 daAuts
